 Dungeon Crawl Stone Soup version 0.17.0-24-gcfadda4 (webtiles) character file.

89 shklvsk the Cudgeler (level 4, -1/34 HPs)
             Began as a Mummy Gladiator on Nov 16, 2015.
             Killed from afar by an orc wizard (2 damage)
             ... with a puff of frost
             ... on level 3 of the Dungeon.
             The game lasted 00:05:36 (2165 turns).

shklvsk the Cudgeler (Mummy Gladiator)              Turns: 2165, Time: 00:05:36

Health: -1/34      AC: 14    Str: 18    XL:     4   Next: 31%
Magic:  4/4        EV:  8    Int:  7    God:
Gold:   86         SH:  0    Dex: 13    Spells: 0 memorised, 3 levels left

rFire  x . .     SeeInvis .     a - +1 flail
rCold  + . .     Clarity  .     j - +0 chain mail
rNeg   + + +     SustAt   .     (no shield)
rPois  ∞         Gourm    .     c - +0 helmet
rElec  .         Spirit   .     m - +2 cloak {rPois}
rCorr  .         Warding  .     (no gloves)
rMut   .         Stasis   .     g - +0 pair of boots
MR     .....                    (no amulet)
Stlth  ..........               (no ring)
                                (no ring)

@: not resistant to hostile enchantments, extremely unstealthy
A: no food or potions, fire vulnerability, cold resistance 1, negative energy
resistance 3, torment resistance, unbreathing
a: no special abilities


You were on level 3 of the Dungeon.
You were not hungry.

You visited 1 branch of the dungeon, and saw 3 of its levels.

You collected 86 gold pieces.

Inventory:

Hand Weapons
 a - a +1 flail (weapon)
 f - a +7 short sword
   (You found it on level 1 of the Dungeon)
Missiles
 d - 2 throwing nets (quivered) {!d}
 e - 31 stones
Armour
 c - a +0 helmet (worn)
 g - a +0 pair of boots (worn)
   (You found it on level 1 of the Dungeon)
 j - a +0 chain mail (worn)
   (You found it on level 1 of the Dungeon)
 m - a +2 cloak of poison resistance (worn)
   (You took it off Crazy Yiuf on level 2 of the Dungeon)
Wands
 b - a wand of slowing (44)
   (You found it on level 2 of the Dungeon)


   Skills:
 + Level 2.4 Fighting
 * Level 3.3 Maces & Flails
 - Level 1.5 Throwing
 * Level 2.0 Armour
 - Level 2.4 Dodging


You had 3 spell levels left.
You didn't know any spells.

Dungeon Overview and Level Annotations

Branches:
Dungeon (3/15)

Altars:
Elyvilon
Makhleb
Nemelex Xobeh
Sif Muna
The Shining One

Annotations:
D:3 Ijyb; WereVolvo's ghost, amateur HaHu


Innate Abilities, Weirdness & Mutations

You do not eat or drink.
Your flesh is vulnerable to fire.
You are immune to poison.
Your flesh is cold resistant.
You are immune to negative energy.
You are immune to unholy pain and torment.
You can survive without breathing.


Message History

You thump the giant cockroach!
You kill the giant cockroach!
No target in view!
No target in view!
No target in view!
(D) Dungeon
Where to? (Enter - D:2 @ (x,y), ? - help)
There is a stone staircase leading down here.
You start resting.
Health restored: 34 You climb downwards.
A bat, a hobgoblin and Ijyb come into view.
Ijyb shouts!
The hobgoblin shouts!
Found a stone staircase leading down.
There is a stone staircase leading up here.
You climb upwards.
There is a stone staircase leading down here.
There is an open door here.
There is a stone staircase leading down here.
You climb downwards.
Level annotation: Ijyb
There is a stone staircase leading up here.
A rat comes into view.
You hit the rat. The rat bites you but does no damage.
Your chain mail prevents you from hitting the rat.
The rat bites you but does no damage.
You sock the rat!
You kill the rat!
No target in view!
No target in view!
You now have 86 gold pieces (gained 6).
A goblin comes into view. It is wielding a club.
The goblin shouts!
You see here a scroll labeled LOOZXU PAUTIX.
You closely miss the goblin. The goblin hits you but does no damage.
You closely miss the goblin. The goblin closely misses you.
You barely miss the goblin. The goblin completely misses you.
Your chain mail prevents you from hitting the goblin.
The goblin hits you but does no damage.
WereVolvo's ghost (amateur Halfling Hunter) comes into view.
The goblin closely misses you. The goblin hits you but does no damage.
An orc priest and an orc wizard come into view.
The orc priest shouts!
Found a stone staircase leading down.
An orc comes into view. It is wielding a dagger.
The orc shouts!
The orc priest mumbles some strange prayers to Beogh against you.
You are unaffected.
An orc comes into view. It is wielding a mace.
The orc moves out of view.
The orc wizard gestures at you while chanting.
The puff of frost hits you!
Read which item? (? for menu, Esc to quit)
As you read the scroll labeled ERHYZA ESUCS, it crumbles to dust.
It is a scroll of recharging.
Charge which item? (? for menu, Esc to quit)
Your wand of slowing glows for a moment.
The orc priest mumbles some strange prayers to Beogh against you.
Something smites you! The orc wizard casts a spell at you.
The puff of frost hits you! The goblin hits you but does no damage.
You take 11 damage, and have 23/34 hp.
MASSIVE DAMAGE!!
Read which item? (? for menu, Esc to quit)
As you read the scroll labeled JUPNUY BALUM, it crumbles to dust.
It is a scroll of enchant weapon.
Enchant which weapon? (? for menu, Esc to quit)
Your +0 flail glows red for a moment.
The orc priest mumbles some strange prayers to Beogh against you.
Something smites you! The orc wizard barely misses you.
You take 9 damage, and have 14/34 hp.
MASSIVE DAMAGE!!
Read which item? (? for menu, Esc to quit)
As you read the scroll labeled LOOZXU PAUTIX, it crumbles to dust.
You experience a momentary feeling of inescapable doom!
It was a scroll of random uselessness.
The goblin barely misses you. The orc wizard hits you with a dagger.
You take 1 damage, and have 13/34 hp.
Read which item? (? for menu, Esc to quit)
As you read the scroll labeled PARICVUUTI, it crumbles to dust.
It is a scroll of identify.
Identify which item? (\ to view known items) (? for menu, Esc to quit)
b - a wand of slowing (45)
The orc wizard hits you but does no damage.
The goblin hits you but does no damage.
Aim: an orc wizard, wielding a dagger and wearing a robe (chance to defeat MR: 51%)
The orc wizard resists with significant effort.
This wand has 44 charges left.
The orc wizard casts a spell.
The orc wizard seems to speed up.
The goblin hits you but does no damage.
You hit the orc wizard.
The orc wizard hits you but does no damage.
The orc priest invokes the aid of Beogh against you.
Something smites you!
* * * LOW HITPOINT WARNING * * *
The orc wizard casts a spell at you. The puff of frost hits you! You resist.
You die...

#### ..... (....
.....#### ........# #
........##########o#.#
..............Wg@oo.>#
........##########o.....
........# ..###
........#### ...
..$....W...# ...
...........# ##
######.....# #.....####
#........#


You could see an orc priest, an orc wizard, WereVolvo's ghost, 2 orcs and a
goblin.

Vanquished Creatures
  Crazy Yiuf (D:2)
  2 adders (D:2)
  3 oozes
  7 bats
  4 giant cockroaches
  2 goblins
  2 hobgoblins
  6 kobolds
  3 rats
30 creatures vanquished.

Notes
Turn   | Place    | Note
--------------------------------------------------------------
     0 | D:1      | shklvsk the Mummy Gladiator began the quest for the Orb.
     0 | D:1      | Reached XP level 1. HP: 16/16 MP: 1/1
   195 | D:1      | Reached XP level 2. HP: 22/22 MP: 2/2
   846 | D:2      | Found a glowing golden altar of the Shining One.
  1010 | D:2      | Reached skill level 1 in Armour
  1281 | D:2      | Reached XP level 3. HP: 23/27 MP: 3/3
  1434 | D:2      | Reached skill level 3 in Maces & Flails
  1568 | D:2      | Found a burning altar of Makhleb.
  1568 | D:2      | Found a deep blue altar of Sif Muna.
  1570 | D:2      | Found a white marble altar of Elyvilon.
  1571 | D:2      | Found a sparkling altar of Nemelex Xobeh.
  1811 | D:2      | Noticed Crazy Yiuf
  1827 | D:2      | Killed Crazy Yiuf
  1827 | D:2      | Reached skill level 2 in Armour
  1827 | D:2      | Reached XP level 4. HP: 23/34 MP: 2/4
  2084 | D:3      | Noticed Ijyb
  2147 | D:3      | Noticed WereVolvo's ghost (amateur HaHu)
  2165 | D:3      | HP: 1/34 [orc priest/divine providence (12)]
  2165 | D:3      | Killed from afar by an orc wizard

Action                   |  1- 3 |  4- 6 || total
-------------------------+-------+-------++-------
Melee: Flail             |    94 |    15 ||   109
Throw: Stone             |     6 |       ||     6
       Throwing net      |     5 |       ||     5
Evoke: Wand              |       |     1 ||     1
  Use: Scroll            |       |     4 ||     4

Vault maps used:
D:1:      matt_arrival_grand_opening, serial_glass, glass_columns_a,
          glass_columns_a
D:2:      grunt_temple_overflow_open, first_bread, uniq_crazy_yiuf_cottage
D:3:      uniq_terence, uniq_iyjb, uniq_jessica

Table legend:
 A = Turns spent in this place as a percentage of turns spent in the entire game.
 B = Non-inter-level travel turns spent in this place as a percentage of non-inter-level travel turns spent in the entire game.
 C = Inter-level travel turns spent in this place as a percentage of turns spent in this place.
 D = Turns resting spent in this place as a percentage of non-inter-level travel turns spent in this place.
 E = Turns spent auto-exploring this place as a percentage of non-inter-level travel turns spent in this place.
 F = Non-inter-level travel turns spent in this place divided by the number of levels of this place that you've seen.
                   A       B       C       D       E      F
               +-------+-------+-------+-------+-------+----------------------
         Total | 100.0 | 100.0 |   1.6 |   3.2 |  10.4 | 143.7
       Dungeon | 100.0 | 100.0 |   1.6 |   3.2 |  10.4 | 143.7
               +-------+-------+-------+-------+-------+----------------------

Table legend:
 A = Kills in this place as a percentage of kills in entire the game.
 B = Kills by you in this place as a percentage of kills by you in the entire game.
 C = Kills by friends in this place as a percentage of kills by friends in the entire game.
 D = Other kills in this place as a percentage of other kills in the entire game.
 E = Experience gained in this place as a percentage of experience gained in the entire game.
 F = Experience gained in this place divided by the number of levels of this place that you have seen.
                   A       B       C       D       E      F
               +-------+-------+-------+-------+-------+----------------------
         Total | 100.0 | 100.0 |  -nan |  -nan | 100.0 |  42.7
       Dungeon | 100.0 | 100.0 |  -nan |  -nan | 100.0 |  42.7
               +-------+-------+-------+-------+-------+----------------------
